 Dungeon Crawl Stone Soup version 0.29-a0-330-g52719c12eb (webtiles) character file.

Game seed: 9967958248232904463

70896 Ajdolov the Markstengu (level 15, -2/87 HPs)
             Began as a Tengu Hunter on Apr 21, 2022.
             Was a High Priest of Hepliaklqana.
             Killed from afar by Frances (44 damage)
             ... with an iron shot
             ... on level 12 of the Dungeon.
             The game lasted 00:40:53 (22334 turns).

Ajdolov the Markstengu (Tengu Hunter)              Turns: 22334, Time: 00:40:53

Health: -2/87      AC: 11    Str: 11    XL:     15   Next: 34%
Magic:  25/25      EV: 41    Int: 10    God:    Hepliaklqana [*****.]
Gold:   1811       SH:  0    Dex: 31    Spells: 14/14 levels left

rFire   . . .      SeeInvis .   v - +2 shortbow (flame)
rCold   + . .      Faith    .   (shield currently unavailable)
rNeg    . . .      Spirit   .   I - +0 acid dragon scales
rPois   .          Reflect  .   E - +2 hat
rElec   .          Harm     .   (no cloak)
rCorr   +          Rampage  .   (no gloves)
Will    +....                   (boots unavailable)
Stlth   ++........              k - amulet of the acrobat
HPRegen 0.24/turn               o - ring of protection from cold
MPRegen 0.19/turn               J - +6 ring of dexterity

@: acrobatic, flying quickly and evasively, quick
A: reduced essence, beak, talons 3, nimble flight
a: Renounce Religion, Recall Ancestor, Ancestor Identity, Transference, Idealise


You were on level 12 of the Dungeon.
You worshipped Hepliaklqana.
Hepliaklqana was extremely pleased with you.
You visited 4 branches of the dungeon, and saw 20 of its levels.

You collected 1991 gold pieces.
You spent 180 gold pieces at shops.

Inventory:

Hand Weapons
 v - a +2 shortbow of flaming (weapon)
Missiles
 a - a throwing net
 d - 48 poisoned darts
 H - a curare-tipped dart
Armour
 E - a +2 hat (worn)
 I - +0 acid dragon scales (worn)
 N - +1 pearl dragon scales
Jewellery
 k - an amulet of the acrobat (around neck)
 o - a ring of protection from cold (left hand)
 y - an amulet of reflection
 C - a ring of positive energy
 J - a +6 ring of dexterity (right hand)
 L - a ring of ice
 P - a ring of see invisible
Wands
 q - a wand of paralysis (1)
 s - a wand of flame (21)
 t - a wand of charming (13)
 u - a wand of digging (5)
 K - a wand of iceblast (14)
Scrolls
 c - 5 scrolls of immolation
 e - 2 scrolls of silence
 f - 4 scrolls of vulnerability
 h - 3 scrolls of noise
 i - 7 scrolls of teleportation
 j - 3 scrolls of enchant armour
 l - 4 scrolls of blinking
 n - 6 scrolls of fog
 r - 2 scrolls of torment
 w - 2 scrolls of amnesia
 B - a scroll of enchant weapon
 G - a scroll of summoning
 O - a scroll of identify
Potions
 b - a potion of attraction
 g - 7 potions of curing
 m - 3 potions of lignification
 p - 4 potions of invisibility
 x - a potion of resistance
 z - 3 potions of haste
 A - a potion of heal wounds
 D - 3 potions of mutation
 F - 2 potions of might


   Skills:
 - Level 12.4 Fighting
 - Level 16.0 Bows
 * Level 11.2 Armour
 - Level 10.0 Dodging
 - Level 1.0 Stealth
 - Level 12.0 Invocations
 * Level 6.1 Evocations


You had 14 spell levels left.
You didn't know any spells.
Your spell library contained the following spells:

 Spells                   Type           Power      Damage    Failure   Level
 Magic Dart               Conj           0%         1d3       47%         1
 Sandblast                Erth           0%         2d4       47%         1
 Sting                    Tmut/Pois      0%         1d3       47%         1
 Passwall                 Tmut/Erth      0%         N/A       63%         2
 Poisonous Vapours        Pois/Air       0%         N/A       63%         2
 Searing Ray              Conj           0%         2d4       63%         2
 Ignite Poison            Fire/Tmut/Pois 0%         N/A       85%         3
 Mephitic Cloud           Conj/Pois/Air  0%         N/A       85%         3
 Stone Arrow              Conj/Erth      0%         3d7       85%         3
 Fulminant Prism          Conj/Hex       0%         3d6       99%         4
 Olgreb's Toxic Radiance  Pois           0%         N/A       99%         4
 Petrify                  Tmut/Erth      0%         N/A       99%         4
 Freezing Cloud           Conj/Ice/Air   0%         6-21      100%        5
 Metabolic Englaciation   Hex/Ice        0%         N/A       100%        5
 Summon Forest            Summ/Tloc      0%         N/A       100%        5
 Eringya's Noxious Bog    Tmut/Pois      0%         N/A       100%        6
 Statue Form              Tmut/Erth      0%         N/A       100%        6
 Summon Hydra             Summ           0%         N/A       100%        7


Dungeon Overview and Level Annotations

Branches:
Dungeon (12/15)            Temple (1/1) D:7            Lair (6/6) D:11
  Swamp (0/4) Lair:2        Snake (1/4) Lair:3        Slime (0/5) Lair:6
    Orc (0/2) D:10

Altars:
Cheibriados
Dithmenos
Gozag
Hepliaklqana
Nemelex Xobeh
Okawaru
Ru
Trog
Uskayaw
Vehumet
Xom
Zin
The Shining One
Jiyva

Shops:
D:8 ?

Annotations:
D:7 3 runed translucent doors, kae's ghost, novice SpEn
D:12 Azrael; Frances


Innate Abilities, Weirdness & Mutations

Your life essence is reduced to manifest your ancestor. (-10% HP)
You have a beak for a mouth.
You have claws for feet.
Your magical nature lets you fly swiftly and evasively.


Message History

Frances screams a word of power!
The iron shot misses you.
Frances struggles against the net.
Shoot: v) +2 shortbow (flame)
Press: ? - help, Q - select action, (/) - cycle Shift-Dir - straight line, f/p - Frances
Aim: Frances, wielding a +0 hand axe of electrocution and wearing a +0 chain mail (heavily wounded, fast, entangled in a net, poisoned, slow, 95% to hit)
You shoot an arrow. The arrow hits Frances.
The arrow burns Frances.
Frances is heavily wounded.
Shoot: v) +2 shortbow (flame)
Press: ? - help, Q - select action, (/) - cycle Shift-Dir - straight line, f/p - Frances
Aim: Frances, wielding a +0 hand axe of electrocution and wearing a +0 chain mail (heavily wounded, fast, entangled in a net, poisoned, slow, 95% to hit)
You shoot an arrow.
The arrow hits Frances but does no damage.
Frances is heavily wounded.
Shoot: v) +2 shortbow (flame)
Press: ? - help, Q - select action, (/) - cycle Shift-Dir - straight line, f/p - Frances
Aim: Frances, wielding a +0 hand axe of electrocution and wearing a +0 chain mail (heavily wounded, fast, entangled in a net, poisoned, slow, 95% to hit)
You shoot an arrow. The arrow hits Frances.
The arrow burns Frances.
Frances is heavily wounded.
Frances struggles against the net.
Shoot: v) +2 shortbow (flame)
Press: ? - help, Q - select action, (/) - cycle Shift-Dir - straight line, f/p - Frances
Aim: Frances, wielding a +0 hand axe of electrocution and wearing a +0 chain mail (heavily wounded, fast, entangled in a net, poisoned, slow, 95% to hit)
You shoot an arrow.
The arrow hits Frances but does no damage.
Frances is heavily wounded.
Frances struggles against the net.
The net rips apart, and Frances comes free!
Shoot: v) +2 shortbow (flame)
Press: ? - help, Q - select action, (/) - cycle Shift-Dir - straight line, f/p - Frances
Aim: Frances, wielding a +0 hand axe of electrocution and wearing a +0 chain mail (heavily wounded, fast, poisoned, slow, 81% to hit)
You shoot an arrow. The arrow hits Frances.
The arrow burns Frances.
Frances is heavily wounded.
Frances is no longer moving slowly.
Frances mutters in a terrible tongue.
Frances drinks a potion.
Frances is healed!
Frances looks more healthy.
Frances screams a word of power!
The iron shot hits you!!!
Ouch! That really hurt!
You die...

....#### #......)..<.#
###....######...........#
####...>..............#
########>..........#
#...........#
#...........#
####...###### ###.######
############..@....[#
###..........'........#
....##########..4.....#
##### #.......)#
#...@.3..# #........#
#.)......# #......[.#
#.....(..#


You could see Frances (fast), an ice devil (summoned) and a ynoxinul (summoned).

Vanquished Creatures
  7 hydras
  Erica (D:8)
  A boulder beetle (Lair:3)
  A death yak (Lair:3)
  A two-headed ogre (D:12)
  Amaemon (Lair:2)
  2 bog bodies (Lair:2)
  A phantasmal warrior (D:12)
  An ugly thing (D:12)
  A cyclops (D:12)
  2 manticores
  6 elephants
  4 black mambas
  9 cane toads
  A torpor snail (Lair:6)
  A rime drake (Lair:5)
  A gargoyle (D:10)
  An unseen horror (D:12)
  9 komodo dragons
  A kobold demonologist (D:8)
  3 trolls
  3 polar bears (Lair:6)
  3 hornets (Lair:6)
  15 blink frogs
  18 dream sheep
  A shadow (D:9)
  11 spriggans
  2 wraiths
  A fire elemental (D:11)
  11 wyverns
  4 vampire mosquitoes (D:10)
  39 yaks
  5 basilisks
  4 steam dragons
  3 swamp worms (Lair:2)
  3 nagas (Lair:3)
  2 acid dragons (D:9)
  11 water moccasins
  A hell hound (D:12)
  2 ice beasts
  4 orc warriors
  2 sky beasts
  6 ogres
  10 black bears
  8 centaurs
  21 wolves
  4 boggarts (Lair:6)
  A phantom (D:5)
  9 kobold brigands
  9 bullfrogs
  3 necrophages
  A gnoll sergeant (D:8)
  2 scorpions
  6 wights
  A water moccasin skeleton (D:5)
  10 killer bees
  7 electric eels
  7 howler monkeys
  A centaur zombie (D:5)
  2 bullfrog zombies (D:5)
  7 orc priests
  A jelly (D:5)
  A gnoll shaman (D:5)
  5 hounds
  A centaur skeleton (D:5)
  13 orc wizards
  3 iguanas
  3 hell rats (Lair:4)
  2 hound zombies (D:5)
  A howler monkey skeleton (D:5)
  16 gnolls
  11 adders
  A shadow imp (D:6)
  A white imp (D:6)
  4 worms
  A dart slug (D:4)
  43 orcs
  9 ball pythons
  6 endoplasms
  3 giant cockroaches
  11 hobgoblins
  7 jackals (D:1)
  36 kobolds
  4 quokkas
  6 bats
  A frilled lizard (D:1)
  5 goblins
  3 rats
513 creatures vanquished.

Vanquished Creatures (collateral kills)
  Snorg (Lair:5)
  2 hydras
  2 boulder beetles
  6 two-headed ogres (D:12)
  2 death yaks (Lair:3)
  Lodul (D:12)
  A cyclops (D:12)
  3 elephants (Lair:6)
  A naga mage (Snake:1)
  Joseph (D:8)
  An orange demon (Lair:2)
  2 cane toads
  An unseen horror (shapeshifter) (D:12)
  2 komodo dragons
  Psyche (D:8)
  2 rime drakes
  A hornet (Lair:6)
  3 polar bears
  5 blink frogs
  5 dream sheep
  5 wyverns
  17 yaks
  2 spriggans (Lair:6)
  2 basilisks (Lair:4)
  A hell hound (D:12)
  A water moccasin (Lair:6)
  3 ogres
  3 wolves
  A centaur (D:11)
  A kobold brigand (D:10)
  5 bullfrogs
  3 wights (D:8)
  A killer bee (D:9)
  A howler monkey (D:12)
  An orc wizard (D:10)
  6 hell rats (Lair:4)
  2 kobolds
98 creatures vanquished.

Vanquished Creatures (others)
  9 knights
  3 ancestors
  23 fungi
  73 plants
  5 withered plants (D:5)
113 creatures vanquished.

Grand Total: 724 creatures vanquished

Notes
Turn   | Place    | Note
-------+----------+-------------------------------------------
     0 | D:1      | Ajdolov the Tengu Hunter began the quest for the Orb.
     0 | D:1      | Reached XP level 1. HP: 12/12 MP: 2/2
   360 | D:1      | Reached XP level 2. HP: 17/17 MP: 3/3
   755 | D:1      | Reached skill level 5 in Bows
   763 | D:1      | Found a faded altar of an unknown god.
   786 | D:1      | Reached XP level 3. HP: 22/22 MP: 4/4
  1437 | D:2      | Reached XP level 4. HP: 27/27 MP: 5/5
  2424 | D:2      | Reached skill level 6 in Bows
  2747 | D:2      | Gained mutation: Your magical nature lets you fly swiftly
                  | and evasively. [Tengu growth]
  2747 | D:2      | Reached XP level 5. HP: 17/32 MP: 6/6
  3328 | D:4      | Found a shadowy altar of Dithmenos.
  3844 | D:4      | Found a glowing silver altar of Zin.
  3852 | D:4      | Reached XP level 6. HP: 26/38 MP: 7/7
  3889 | D:4      | Reached skill level 7 in Bows
  4971 | D:5      | Entered Level 5 of the Dungeon
  5221 | D:5      | Reached XP level 7. HP: 41/44 MP: 8/8
  5670 | D:5      | Reached skill level 8 in Bows
  5863 | D:5      | Noticed a yak
  5863 | D:5      | Noticed a yak
  5868 | D:5      | Killed a yak
  5869 | D:5      | Reached skill level 5 in Fighting
  5871 | D:5      | Noticed a yak
  5873 | D:5      | Noticed a yak
  5879 | D:5      | Killed a yak
  5880 | D:5      | Reached skill level 9 in Bows
  5880 | D:5      | Reached XP level 8. HP: 49/49 MP: 9/9
  5939 | D:4      | Killed a yak
  6137 | D:5      | Reached skill level 10 in Bows
  6284 | D:5      | Killed a yak
  6484 | D:5      | Found an iron altar of Okawaru.
  6485 | D:5      | Found a glowing golden altar of the Shining One.
  6486 | D:5      | Found a sparkling altar of Nemelex Xobeh.
  6487 | D:5      | Found a sacrificial altar of Ru.
  6653 | D:5      | Reached skill level 11 in Bows
  6653 | D:5      | Reached XP level 9. HP: 31/56 MP: 10/10
  7481 | D:6      | Reached skill level 12 in Bows
  8216 | D:7      | Found a snail-covered altar of Cheibriados.
  8411 | D:7      | Reached XP level 10. HP: 64/64 MP: 11/11
  8417 | D:7      | Reached skill level 13 in Bows
  8574 | D:7      | Found a staircase to the Ecumenical Temple.
  8614 | Temple   | Entered the Ecumenical Temple
  8621 | Temple   | Became a worshipper of Hepliaklqana the Forgotten
  9820 | D:7      | Found a runed translucent gate.
  9820 | D:7      | Found a runed translucent gate.
  9820 | D:7      | Found a runed translucent gate.
  9820 | D:7      | Noticed kae's ghost (novice SpEn)
  9868 | D:8      | Noticed Psyche
 10270 | D:8      | Noticed Joseph
 10297 | D:8      | Reached skill level 14 in Bows
 10815 | D:8      | Found Diesept's Magic Scroll Shoppe.
 10830 | D:8      | Bought a scroll of enchant weapon for 90 gold pieces
 10830 | D:8      | Bought a scroll of blinking for 90 gold pieces
 10844 | D:8      | Found an opulent altar of Gozag.
 10863 | D:8      | Noticed a kobold demonologist
 10876 | D:8      | Noticed a sixfirhy
 10911 | D:8      | Killed a kobold demonologist
 11162 | D:8      | Reached * piety under Hepliaklqana
 11347 | D:8      | Noticed Erica
 11584 | D:8      | Reached skill level 15 in Bows
 11584 | D:8      | Reached XP level 11. HP: 64/64 MP: 12/12
 11608 | D:8      | Found a shimmering altar of Xom.
 11635 | D:8      | Killed Joseph
 11837 | D:8      | Killed Psyche
 12140 | D:8      | Killed Erica
 12141 | D:8      | Reached skill level 10 in Fighting
 12908 | D:9      | Reached ** piety under Hepliaklqana
 12909 | D:9      | Remembered your ancestor Aula as a knight
 13230 | D:10     | Entered Level 10 of the Dungeon
 13233 | D:10     | Noticed a boulder beetle
 13236 | D:10     | Reached skill level 16 in Bows
 13535 | D:10     | Found a staircase to the Orcish Mines.
 13671 | D:10     | Killed a boulder beetle
 13939 | D:10     | Reached skill level 1 in Invocations
 13939 | D:10     | Reached XP level 12. HP: 73/73 MP: 13/13
 14528 | D:11     | Reached *** piety under Hepliaklqana
 14686 | D:11     | Noticed a four-headed hydra
 14697 | D:11     | Killed a four-headed hydra
 14918 | D:11     | Found a staircase to the Lair.
 14982 | D:11     | You are sucked into a shaft and drop 1 floor!
 15044 | D:12     | Noticed Azrael
 15274 | D:11     | Reached skill level 5 in Invocations
 15426 | Lair:1   | Entered Level 1 of the Lair of Beasts
 15426 | Lair:1   | Found a radiant altar of Vehumet.
 15543 | Lair:1   | Reached skill level 5 in Dodging
 15559 | Lair:1   | You are sucked into a shaft and drop 1 floor!
 15746 | Lair:2   | Reached skill level 1 in Armour
 15800 | Lair:2   | Noticed Amaemon
 15819 | Lair:2   | Killed Amaemon
 15885 | Lair:2   | Reached **** piety under Hepliaklqana
 15928 | Lair:2   | Noticed a six-headed hydra
 15932 | Lair:2   | Killed a six-headed hydra
 15983 | Lair:2   | Noticed a six-headed hydra
 15990 | Lair:2   | Killed a six-headed hydra
 15991 | Lair:2   | Reached XP level 13. HP: 78/78 MP: 19/19
 16038 | Lair:2   | Found a staircase to the Swamp.
 16991 | Lair:3   | Found a staircase to the Snake Pit.
 17317 | Lair:3   | Reached skill level 5 in Armour
 17524 | Lair:3   | Reached ***** piety under Hepliaklqana
 18076 | Snake:1  | Entered Level 1 of the Snake Pit
 18410 | Lair:4   | Reached skill level 10 in Invocations
 18607 | Lair:4   | Reached XP level 14. HP: 82/82 MP: 22/22
 19354 | Lair:5   | Noticed Snorg
 19363 | Lair:5   | Killed Snorg
 19851 | Lair:6   | Entered Level 6 of the Lair of Beasts
 20133 | Lair:6   | Reached skill level 10 in Dodging
 20615 | Lair:6   | Reached skill level 1 in Evocations
 20758 | Lair:6   | HP: 4/82 [something (9)]
 21145 | Lair:6   | Reached XP level 15. HP: 87/87 MP: 25/25
 21150 | Lair:6   | Reached skill level 10 in Armour
 21341 | Lair:6   | Found a staircase to the Slime Pits.
 21341 | Lair:6   | Found a viscous altar of Jiyva.
 22020 | D:12     | Noticed Lodul
 22029 | D:12     | Reached skill level 5 in Evocations
 22034 | D:12     | Killed Lodul
 22274 | D:12     | Noticed Frances
 22334 | D:12     | Killed from afar by Frances

Illustrated notes

Levels and vault maps discovered:
D:1:      roderic_octagonal_star, layout_rooms,
          chequers_ecumenical_altar_simple_redux, minmay_pentomino_v2
D:2:      layout_loops_cross
D:3:      layout_basic, minmay_goblin_kobold_house
D:4:      layout_basic, mainiacjoe_overflow_alcove_4,
          mainiacjoe_overflow_catwalk
D:5:      cheibrodos_two_vegetables, layout_cave_pools,
          mainiacjoe_overflow_alcove_3, serial_undead, serial_undead_c,
          serial_undead_a, serial_undead_f, serial_undead_c, serial_undead_e,
          serial_undead_e, grunt_ministairs_15, serial_bayou_pond_d,
          roderic_roman_lattice, serial_bayou_lagoon_a
D:6:      layout_cave_pools, minmay_starry_boxes
D:7:      minmay_polygon_palace, layout_basic,
          mainiacjoe_overflow_concentric_impassable, temple_doors_e,
          gammafunk_ghost_necromancy, chequers_garden
D:8:      layout_loops_cross, nicolae_gozag_cash_rules_everything_around_me,
          mainiacjoe_overflow_paths, serial_shops,
          nicolae_shop_competitors_out_of_business, the_hattery, uniq_erica,
          uniq_joseph, uniq_psyche
D:9:      layout_roguey
D:10:     layout_irregular_city, kennysheep_orc_monster_closet_entryway,
          minmay_misc_feat_pillars
D:11:     layout_irregular_city, grunt_lair_entry_orc_guard_hut
D:12:     layout_roguey, uniq_lodul, uniq_azrael, uniq_frances
Temple:   dshaligram_water_room_temple
Lair:1:   layout_chaotic_city, basic_altar, grunt_megastairs_3,
          infiniplex_staircase_pool_2
Lair:2:   layout_roguey, nicolae_swamp_entry_splash_gauntlet,
          grunt_megastairs_1, uniq_amaemon
Lair:3:   layout_cave_pods, guppyfry_snake_entry_island, beast_lair_carwin_6,
          grunt_megastairs_5, lemuel_fruit_fields, serial_bayou_shore_b,
          lemuel_fruit_tree
Lair:4:   layout_roguey [special_room_mythical_zoo],
          chequers_serial_rivers_marsh
Lair:5:   layout_cellular_growth, st_stairs_11, uniq_snorg
Lair:6:   minmay_lair_end_enchanted_forest, layout_gridlike, slime_altar_1,
          serial_bayou_shore_a
Snake:1:  layout_grid_shapes, serial_shops, bzr_entry_road,
          nicolae_snake_ghostly_warrior_ritual

Skill      XL: |  1  2  3  4  5  6  7  8  9 10 11 12 13 14 15 |
---------------+----------------------------------------------+-----
Bows           | 5 6 7 9 11 12 15 16 | 16.0
Fighting       | 3 4 5 6 8 9 12 | 12.4
Invocations    | 1 7 10 12 | 12.0
Dodging        | 6 8 10 | 10.0
Armour         | 3 6 9 11 | 11.2
Evocations     | 3 6 |  6.1
Stealth        | |  1.0

Action                   |  1- 3 |  4- 6 |  7- 9 | 10-12 | 13-15 || total
-------------------------+-------+-------+-------+-------+-------++-------
 Fire: Shortbow          |    99 |   180 |   223 |   764 |   925 ||  2191
Throw: Dart              |       |       |       |    14 |     4 ||    18
       Throwing net      |       |       |       |       |     1 ||     1
Invok: Ancestor Life: Kn |       |       |       |     1 |       ||     1
       Recall Ancestor   |       |       |       |     4 |     6 ||    10
       Idealise          |       |       |       |       |     2 ||     2
Evoke: Wand              |       |       |     5 |       |     4 ||     9
  Use: Potion            |       |     2 |       |       |     5 ||     7
       Scroll            |       |       |     9 |    12 |     5 ||    26
Armor: Leather armour    |    16 |    10 |    15 |    12 |       ||    53
       Acid dragon scale |       |       |       |     8 |    19 ||    27
Dodge: Dodged            |    43 |    53 |    78 |   107 |   140 ||   421

Table legend: (Time is in decaauts)
 A = Elapsed time spent in this place.
 B = Non-inter-level travel time spent in this place.
 C = Inter-level travel time spent in this place.
 D = Time resting spent in this place.
 E = Time spent auto-exploring this place.
 F = Levels seen in this place.
 G = Mean time per level.
                   A        B        C        D        E       F      G
               +--------+--------+--------+--------+--------+-----+--------+
         Total |  20986 |  20340 |    646 |   4485 |  11761 |  20 | 1049.3 |
       Dungeon |  15225 |  14840 |    385 |   3819 |   8160 |  12 | 1268.8 |
        Temple |     12 |      8 |      4 |      0 |      1 |   1 |   12.0 |
          Lair |   5738 |   5482 |    256 |    666 |   3599 |   6 |  956.3 |
     Snake Pit |     10 |     10 |      0 |      0 |      0 |   1 |   10.0 |
               +--------+--------+--------+--------+--------+-----+--------+

Top non-repeatable levels by time:
     D:7: 2309 daAuts
     D:4: 2095 daAuts
     D:5: 1726 daAuts
  Lair:6: 1629 daAuts
     D:8: 1487 daAuts
  Lair:3: 1364 daAuts
     D:1: 1298 daAuts
     D:2: 1159 daAuts
     D:9: 1026 daAuts
  Lair:2: 988 daAuts
    D:10: 923 daAuts
    D:11: 922 daAuts
  Lair:5: 896 daAuts
     D:3: 890 daAuts
     D:6: 862 daAuts
